AoeStats
← heisenberg

Arena

510295329Analyzed
1v1 RM · 23h ago on Sep 30, 2026· 40m 10s· 2 players
Game mode
Random Map
Map size
Tiny (2 player)
Population
200
Speed
Normal
Resources
Standard
Victory
Conquest
Starting age
Dark Age
Ending age
Imperial Age
RankedLock teamsTeams togetherTeam positionsShared explorationLock speedFull tech treeHidden civsTurbo modeCheats
Victory
Defeat
🇨🇳 Magyars · China
1018
+17
🇨🇭 Spanish · Switzerland
1043
-17
小飞
11:40 Feudal Age
14:38 Loom
14:58 Padded Archer Armor
14:59 Scale Mail Armor
16:13 Fletching
21:31 Castle Age
19:53 Double-Bit Axe
19:50 Horse Collar
23:27 Town Watch
23:05 Pikeman
32:24 Imperial Age
34:44 Conscription
37:38 Corvinian Army
heisenberg
12:38 Feudal Age
13:36 Double-Bit Axe
16:20 Castle Age
14:48 Horse Collar
15:49 Scale Barding Armor
17:16 Husbandry
24:42 Loom
25:20 Stone Mining
25:50 Fletching
26:48 Fletching
29:07 Redemption
32:35 Wheelbarrow
36:02 Imperial Age
34:17 Bodkin Arrow
34:27 Town Watch
35:10 Masonry
35:51 Stone Shaft Mining
37:52 Conscription
39:27 Hand Cart
39:47 Conscription
40:29 Murder Holes
Connection lost

Rejoining the realm…

Still unreachable

The connection could not be restored.

Session expired

The server has moved on; the page needs a fresh start.